 Dungeon Crawl Stone Soup version 0.20.1-1-g8b1a95d (webtiles) character file.

86 Lanoc the Chucker (level 4, -1/42 HPs)
             Began as a Troll Hunter on Dec 11, 2017.
             Slain by Sigmund
             ... wielding a +0 scythe
              (7 damage)
             ... on level 2 of the Dungeon.
             The game lasted 00:04:17 (1073 turns).

Lanoc the Chucker (Troll Hunter)                    Turns: 1073, Time: 00:04:19

Health: -1/42      AC:  5    Str: 20    XL:     4   Next: 26%
Magic:  3/3        EV: 12    Int:  7    God:
Gold:   61         SH:  0    Dex: 11    Spells: 3/3 levels left

rFire    . . .     SeeInvis .     - Unarmed
rCold    . . .     Gourm    +   (no shield)
rNeg     . . .     Faith    .   b - +0 robe
rPois    .         Spirit   .   (helmet restricted)
rElec    .         Reflect  .   (no cloak)
rCorr    .         Harm     .   (gloves unavailable)
MR       .....                  (boots unavailable)
Stlth    +.........             (no amulet)
Regen    0.6/turn               l - +2 ring of evasion (curse)
MPRegen  0.1/turn               (no ring)

@: no status effects
A: unfitting armour, claws 3, fast metabolism 3, gourmand, regeneration 1,
shaggy fur 1, tough skin 2
a: no special abilities


You were on level 2 of the Dungeon.
You were very full.

You visited 1 branch of the dungeon, and saw 2 of its levels.

You collected 61 gold pieces.

Inventory:

Missiles
 c - 3 large rocks (quivered)
 d - 3 throwing nets
Armour
 b - a +0 robe (worn)
Jewellery
 l - a cursed +2 ring of evasion (left claw)
Scrolls
 e - 3 scrolls of teleportation {unknown}
 g - a scroll of fog {unknown}
 h - 2 scrolls of identify {unknown}
 k - a scroll of blinking {unknown}
 n - a scroll of amnesia {unknown}
 p - a scroll of enchant weapon {unknown}
Potions
 i - a potion of berserk rage {unknown}
 j - a potion of mutation {unknown}
 m - a potion of degeneration {unknown}
 o - a potion of agility {unknown}
Comestibles
 f - 2 bread rations


   Skills:
 + Level 2.3 Fighting
 + Level 4.1 Throwing
 + Level 2.1 Dodging
 - Level 0.3 Stealth
 + Level 2.0 Unarmed Combat


You had 3 spell levels left.
You didn't know any spells.

Dungeon Overview and Level Annotations

Branches:
Dungeon (2/15)

Altars:

Annotations:
D:2 Sigmund


Innate Abilities, Weirdness & Mutations

You are too large for most types of armour.
You have claws for hands.
Your metabolism is lightning-fast.
You like to eat raw meat.
Your natural rate of healing is unusually fast.
You are covered in fur. (AC +1)
You have very tough skin. (AC +2)


Message History

You feel less confused. Something hits you but does no damage.
The kobold misses you.
It was a potion of curing.
You feel better. Something hits you. The kobold hits you but does no damage.
Something hits you but does no damage. The kobold hits you but does no damage.
Throwing (i - inventory. (,) - cycle):
c - 5 large rocks (quivered)
Press: ? - help, Shift-Dir - straight line You throw a large rock.
The large rock closely misses the kobold.
Something hits you! The kobold closely misses you. Something hits you.
* * * LOW HITPOINT WARNING * * *
The kobold hits you but does no damage.
Throwing (i - inventory. (,) - cycle):
c - 4 large rocks (quivered)
Press: ? - help, Shift-Dir - straight line You throw a large rock.
The large rock hits the kobold!!
You kill the kobold!
Something hits you.
* * * LOW HITPOINT WARNING * * *
Something hits you!
You die...

##....#..####.#..#..
#....##.#.# ..........
>...#.##...# ..........
##..#.#..#.##..........
#. #.#.##...###.......
#. #...####...........
....# ##..........
...#..#####.......... ..
..##@....##........#.
....###(###.##..........
#.!...{###.##).........
#....#..##.##.#.##...##
...##............##...##
.. ###..>..............
#(...............#
##..#...#.##...#..
#.##.............


There were no monsters in sight!

Vanquished Creatures
  Terence (D:2)
  An adder (D:2)
  2 dart slugs (D:1)
  A leopard gecko (D:1)
  5 bats
  4 giant cockroaches
  8 goblins
  2 hobgoblins
  6 jackals (D:1)
  A frilled lizard (D:2)
  9 kobolds
  3 rats
43 creatures vanquished.

Notes
Turn   | Place    | Note
-------+----------+-------------------------------------------
     0 | D:1      | Lanoc the Troll Hunter began the quest for the Orb.
     0 | D:1      | Reached XP level 1. HP: 19/19 MP: 0/0
   120 | D:1      | Reached skill level 1 in Unarmed Combat
   120 | D:1      | Reached XP level 2. HP: 28/28 MP: 1/1
   584 | D:1      | Reached XP level 3. HP: 35/35 MP: 2/2
   969 | D:2      | Reached skill level 4 in Throwing
  1008 | D:2      | Noticed Terence
  1028 | D:2      | Killed Terence
  1028 | D:2      | Reached XP level 4. HP: 41/42 MP: 3/3
  1041 | D:2      | Noticed Sigmund
  1073 | D:2      | Slain by Sigmund

Skill      XL: |  1  2  3 |
---------------+----------+-----
Unarmed Combat | 1 2 |  2.0
Fighting       | 2 |  2.3
Dodging        | 2 |  2.1
Throwing       | 4 |  4.1
Stealth        | |  0.3

Action                   |  1- 3 |  4- 6 || total
-------------------------+-------+-------++-------
Melee: Unarmed           |   122 |     2 ||   124
Throw: Large rock        |       |     2 ||     2
  Use: Potion            |       |     1 ||     1
  Eat: Chunk             |    14 |       ||    14
Armor: Robe              |    54 |     7 ||    61
Dodge: Dodged            |    93 |     7 ||   100
